 Dungeon Crawl Stone Soup version 0.18-a0-844-g9229740 (webtiles) character file.

25396 Duffy the Geomancer (level 13, 103/103 HPs)
             Began as a Formicid Earth Elementalist on Dec 18, 2015.
             Was an Elder of Vehumet.
             Quit the game on level 2 of the Lair of Beasts.
             The game lasted 00:47:47 (25116 turns).

Duffy the Geomancer (Formicid Earth Elementalist)  Turns: 25116, Time: 00:47:47

Health: 103/103    AC:  7    Str: 12    XL:     13   Next: 50%
Magic:  26/26      EV: 17    Int: 20    God:    Vehumet [****..]
Gold:   738        SH:  4    Dex: 12    Spells: 6 memorised, 9 levels left

rFire  + . .     SeeInvis +     b - +10 sword of Jihad {holy, *Rage rN+ EV+3 Stlth-}
rCold  . . .     Gourm    .     M - +3 leather armour {rF+}
rNeg   + . .     Faith    .     V - +0 buckler
rPois  +         Spirit   .     (helmet unavailable)
rElec  .         Dismiss  .     (no cloak)
rCorr  .         Reflect  .     (no gloves)
SustAt .         Harm     .     Q - +0 pair of boots
MR     +....                    (no amulet)
Stlth  ..........               U - ring of poison resistance
                                P - ring of loudness (curse)

@: somewhat resistant to hostile enchantments, extremely unstealthy
A: permanent stasis, dig shafts and tunnels, four strong arms, antennae 3
a: Dig, Shaft Self, Renounce Religion


You were on level 2 of the Lair of Beasts.
You worshipped Vehumet.
Vehumet was greatly pleased with you.
You were not hungry.

You visited 3 branches of the dungeon, and saw 15 of its levels.

You collected 738 gold pieces.


Innate Abilities, Weirdness & Mutations

You are under a permanent stasis effect.
You can dig through walls and to a lower floor.
Your four strong arms can wield two-handed weapons with a shield.
You have a pair of large antennae on your head (SInv).


   Skills:
 - Level 10.2 Fighting
 - Level 10.0 Long Blades
 - Level 6.8 Dodging
 - Level 2.4 Stealth
 - Level 3.0 Shields
 + Level 9.6 Spellcasting
 + Level 6.8 Conjurations
 - Level 2.0 Transmutations
 - Level 10.6 Earth Magic
 - Level 5.5 Evocations


You had 9 spell levels left.
You knew the following spells:

 Your Spells              Type           Power        Failure   Level  Hunger
a - Sandblast             Erth           ######       1%          1    None
h - Iron Shot             Conj/Erth      #####.....   11%         6    ######.
j - Stone Arrow           Conj/Erth      #####.       1%          3    None
l - Lee's Rapid Deconstr  Erth           ######....   1%          5    #####..
y - Petrify               Trmt/Erth      #####...     10%         4    ##.....
P - Passwall              Trmt/Erth      #####.....   1%          3    None

Inventory:

Hand Weapons
 b - the +10 sword of Jihad (weapon) {holy, *Rage rN+ EV+3 Stlth-}

   It has been blessed by the Shining One to cause great damage to the undead
   and demons.
   It affects your evasion (+3).
   It protects you from negative energy.
   It may make you go berserk in combat.
   It makes you less stealthy.
 J - a +3 scimitar of flaming
 N - a +0 blowgun
Missiles
 c - 244 stones (quivered)
 O - 76 poisoned needles
Armour
 K - a +2 robe of fire resistance
 L - a +2 robe of cold resistance
 M - a +3 leather armour of fire resistance (worn)
 Q - a +0 pair of boots (worn)
 T - a steam dragon hide
 V - a +0 buckler (worn)
Magical Staves
 a - an uncursed staff of energy {!a}
Jewellery
 j - a -3 ring of strength
 s - a +3 ring of strength
 z - an uncursed ring of flight
 B - an uncursed ring of ice
 P - a cursed ring of loudness (left hand)
 U - a ring of poison resistance (right hand)
Wands
 h - a wand of fire (8)
 k - a wand of digging (11)
 y - a wand of fire (4)
 A - a wand of enslavement (8)
 F - a wand of invisibility (2)
 S - a wand of lightning (12)
 Z - a wand of fire (3)
Scrolls
 g - 3 scrolls of fear
 l - 2 scrolls of enchant weapon
 o - 4 scrolls of remove curse
 r - a scroll of immolation {unknown}
 t - 4 scrolls of magic mapping
 u - a scroll of noise {unknown}
 v - 6 scrolls of amnesia
 w - 3 scrolls of enchant armour
 I - 3 scrolls of fog
 X - a scroll of summoning {unknown}
Potions
 e - 2 potions of brilliance
 m - a potion of degeneration {unknown}
 n - 4 potions of cancellation
 p - a potion of resistance
 q - 6 potions of flight
 x - 3 potions of curing
 D - 4 potions of heal wounds
 E - a potion of cure mutation
 W - 2 potions of lignification
 Y - a potion of agility {unknown}
Comestibles
 d - 12 bread rations
 f - 7 chunks of flesh
 i - 8 slices of pizza
 H - 2 beef jerkies
 R - 6 fruits

Dungeon Overview and Level Annotations

Branches:
Dungeon (11/15)            Temple (1/1) D:7            Lair (3/8) D:11
    Orc (0/2) D:11
  Swamp: Lair:3-6    Shoals: Lair:3-6     Snake: Lair:3-6    Spider: Lair:3-6

Altars:
Ashenzari
Cheibriados
Dithmenos
Elyvilon
Fedhas
Gozag
Kikubaaqudgha
Makhleb
Nemelex Xobeh
Okawaru
Pakellas
Qazlal
Ru
Sif Muna
Trog
Vehumet
Xom
Yredelemnul
Zin
The Shining One

Annotations:
D:5 cluie's ghost, novice DsIE
Lair:3 Mygna's ghost, journeyman DDFi


Message History

You kill the catoblepas!
Vehumet accepts your kill.
You see here a catoblepas corpse.
You butcher the catoblepas corpse.
f - 5 chunks of flesh Eating one of 5 chunks of flesh.
This raw flesh tastes terrible.
You continue eating. x2
A crocodile comes into view.
You slash the crocodile!
The crocodile is heavily wounded.
You block the crocodile's attack.
You slash the crocodile!
The crocodile is almost dead.
The crocodile barely misses you.
You completely miss the crocodile.
The crocodile is almost dead.
You are feeling hungry.
You closely miss the crocodile.
The crocodile is almost dead.
You hear a distant blaring wail to the west.
The crocodile barely misses you.
You hit the crocodile.
You kill the crocodile!
Vehumet accepts your kill.
No target in view!
Things that are here:
a flail; a crocodile corpse You butcher the crocodile corpse.
f - 8 chunks of flesh (gained 4)
You see here a flail.
Eating one of 8 chunks of flesh.
This raw flesh tastes terrible.
You continue eating. x2
HP restored.
Done exploring.
Are you sure you want to abandon this character and quit the game? (Confirm with "yes".)

.P...#................#
.###..#........#..#...##
..##..##P......#......P#
.##..........##.#...#.##
.....#.......P##.)#...#
..P...................###
.........##..#..........#
........PP####..........#
.#....P...# ##..@.##...###### #
...#P.##..# #...>..?##.#...P# ##
########P>####......#.#....P####.
# ##..##P...............%P#.
##..#......####P....#....
#........## #......##..
#........# #....#####. ##......##
####.# ## #####..### ###


There were no monsters in sight!

Action                   |  1- 3 |  4- 6 |  7- 9 | 10-12 | 13-15 || total
-------------------------+-------+-------+-------+-------+-------++-------
Melee: Eudemon blade     |       |       |       |   339 |   137 ||   476
       Staff             |       |       |       |     1 |       ||     1
       Scimitar          |       |       |       |       |     7 ||     7
Throw: Stone             |       |       |       |     2 |       ||     2
 Cast: Sandblast         |    42 |   129 |   132 |    90 |       ||   393
       Stone Arrow       |       |     1 |    98 |   213 |    51 ||   363
 Abil: Dig               |       |       |     1 |     8 |     2 ||    11
Evoke: Staff of energy   |       |       |       |    19 |       ||    19
       Wand              |       |       |       |     2 |       ||     2
  Use: Scroll            |       |     7 |     2 |    10 |     1 ||    20
  Eat: Chunk             |     2 |    10 |    17 |    35 |     9 ||    73
       Beef jerky        |       |       |     3 |       |       ||     3
       Pizza             |       |       |     1 |       |       ||     1

Notes
Turn   | Place    | Note
--------------------------------------------------------------
     0 | D:1      | Duffy the Formicid Earth Elementalist began the quest for the Orb.
     0 | D:1      | Reached XP level 1. HP: 13/13 MP: 3/3
   389 | D:2      | Reached skill level 4 in Earth Magic
   389 | D:2      | Reached XP level 2. HP: 5/19 MP: 0/5
   929 | D:2      | Reached XP level 3. HP: 24/24 MP: 2/6
  1230 | D:2      | Reached skill level 5 in Earth Magic
  1301 | D:2      | Learned a level 3 spell: Passwall
  1305 | D:2      | Learned a level 3 spell: Stone Arrow
  1457 | D:2      | Reached XP level 4. HP: 18/30 MP: 0/7
  2448 | D:3      | Found a glowing silver altar of Zin.
  2565 | D:3      | Noticed a sky beast
  2851 | D:3      | Found a shimmering altar of Xom.
  3163 | D:3      | Noticed root's ghost (amateur HOAK)
  3227 | D:2      | Reached skill level 3 in Spellcasting
  3420 | D:4      | Found an oddly glowing altar of Pakellas.
  3435 | D:4      | Reached XP level 5. HP: 35/35 MP: 4/9
  3534 | D:4      | Reached skill level 6 in Earth Magic
  3595 | D:4      | Noticed a centaur
  3608 | D:4      | Noticed a phantom
  3633 | D:4      | Killed a phantom
  3633 | D:4      | Reached XP level 6. HP: 30/41 MP: 1/11
  4060 | D:4      | Found a white marble altar of Elyvilon.
  4080 | D:4      | Reached skill level 7 in Earth Magic
  4355 | D:4      | Found a bloodstained altar of Trog.
  4780 | D:5      | Entered Level 5 of the Dungeon
  4784 | D:5      | Noticed cluie's ghost (novice DsIE)
  4792 | D:5      | Reached skill level 4 in Spellcasting
  5082 | D:5      | Reached XP level 7. HP: 22/46 MP: 9/13
  5456 | D:4      | Reached skill level 8 in Earth Magic
  5682 | D:5      | Found a stormy altar of Qazlal.
  7008 | D:5      | Noticed a hippogriff
  7023 | D:5      | Killed a hippogriff
  7023 | D:5      | Reached skill level 5 in Spellcasting
  7023 | D:5      | Reached skill level 9 in Earth Magic
  7023 | D:5      | Reached XP level 8. HP: 52/52 MP: 7/15
  7459 | D:5      | Noticed Eustachio
  7477 | D:5      | Killed Eustachio
  7477 | D:5      | Reached skill level 10 in Earth Magic
  8005 | D:3      | Reached skill level 6 in Spellcasting
  8082 | D:3      | Learned a level 5 spell: Lee's Rapid Deconstruction
  8087 | D:3      | Learned a level 4 spell: Petrify
  8237 | D:3      | Killed root's ghost
  8237 | D:3      | Reached skill level 2 in Conjurations
  8237 | D:3      | Reached XP level 9. HP: 26/57 MP: 5/18
  8602 | D:6      | Found a shadowy altar of Dithmenos.
  8619 | D:6      | Reached skill level 3 in Conjurations
  8699 | D:5      | Reached skill level 1 in Fighting
  9115 | D:6      | Reached skill level 2 in Fighting
  9497 | D:6      | Reached skill level 3 in Fighting
  9509 | D:6      | Reached skill level 7 in Spellcasting
 10032 | D:6      | Reached skill level 2 in Dodging
 10287 | D:7      | Noticed Menkaure
 10292 | D:7      | Killed Menkaure
 10292 | D:7      | Reached skill level 4 in Fighting
 10519 | D:7      | Found a blossoming altar of Fedhas.
 10652 | D:7      | Reached skill level 3 in Dodging
 10960 | D:7      | Reached skill level 5 in Fighting
 11063 | D:7      | Found a staircase to the Ecumenical Temple.
 11072 | Temple   | Entered the Ecumenical Temple
 11169 | Temple   | Became a worshipper of Vehumet
 11611 | D:7      | Reached XP level 10. HP: 71/74 MP: 14/20
 11613 | D:7      | Reached skill level 1 in Evocations
 11854 | D:8      | Reached skill level 4 in Dodging
 11854 | D:8      | Reached skill level 2 in Evocations
 12588 | D:8      | Noticed patman's ghost (novice DEIE)
 12604 | D:8      | Killed patman's ghost
 12604 | D:8      | Reached skill level 5 in Evocations
 13369 | D:8      | Reached skill level 2 in Transmutations
 13459 | D:8      | Reached skill level 5 in Dodging
 13767 | D:9      | Reached * piety under Vehumet
 13767 | D:9      | Offered knowledge of Magic Dart by Vehumet.
 13951 | D:8      | Reached skill level 6 in Fighting
 14080 | D:9      | Noticed Erica
 14168 | D:9      | Killed Erica
 14168 | D:9      | Reached skill level 6 in Dodging
 14168 | D:9      | Reached XP level 11. HP: 81/83 MP: 6/21
 14412 | D:9      | Reached skill level 7 in Fighting
 14909 | D:9      | Reached skill level 8 in Fighting
 15143 | D:9      | Noticed Joseph
 15211 | D:9      | Killed Joseph
 15211 | D:9      | Reached skill level 9 in Fighting
 15493 | D:9      | Upgraded the game from 0.18-a0-824-g47fe746 to 0.18-a0-844-g9229740
 15592 | D:9      | Reached skill level 1 in Long Blades
 15618 | D:9      | Offered knowledge of Flame Tongue by Vehumet.
 15622 | D:9      | Reached ** piety under Vehumet
 15738 | D:9      | Reached skill level 2 in Long Blades
 16252 | D:9      | Reached skill level 3 in Long Blades
 16501 | D:8      | Reached skill level 10 in Fighting
 17064 | D:9      | Reached skill level 4 in Long Blades
 17454 | D:9      | Offered knowledge of Searing Ray by Vehumet.
 17566 | D:9      | Reached skill level 5 in Long Blades
 17648 | D:9      | Found a basalt altar of Yredelemnul.
 17654 | D:9      | Found a shimmering altar of Xom.
 17657 | D:9      | Found an opulent altar of Gozag.
 17675 | D:10     | Entered Level 10 of the Dungeon
 17856 | D:10     | Reached *** piety under Vehumet
 17870 | D:10     | Reached XP level 12. HP: 97/97 MP: 22/22
 18005 | D:10     | Reached skill level 6 in Long Blades
 18502 | D:10     | Reached skill level 7 in Long Blades
 19214 | D:10     | Reached skill level 8 in Long Blades
 19275 | D:11     | Offered knowledge of Inner Flame by Vehumet.
 19523 | D:11     | Noticed Fannar
 19568 | D:11     | Killed Fannar
 19720 | D:11     | Reached **** piety under Vehumet
 19747 | D:11     | Reached skill level 9 in Long Blades
 20056 | D:11     | Offered knowledge of Sticky Flame by Vehumet.
 20447 | D:11     | Found a staircase to the Lair.
 20459 | D:11     | Reached skill level 10 in Long Blades
 20843 | D:11     | Found a staircase to the Orcish Mines.
 21132 | D:11     | Learned a level 6 spell: Iron Shot
 21133 | Lair:1   | Entered Level 1 of the Lair of Beasts
 21252 | Lair:1   | Reached skill level 1 in Shields
 21441 | Lair:1   | Reached skill level 2 in Shields
 21691 | Lair:1   | Reached skill level 3 in Shields
 22462 | Lair:2   | Reached skill level 4 in Conjurations
 22524 | Lair:2   | Reached XP level 13. HP: 103/103 MP: 6/24
 22820 | Lair:2   | Reached ***** piety under Vehumet
 22820 | Lair:2   | Offered knowledge of Airstrike by Vehumet.
 22863 | Lair:2   | Reached skill level 8 in Spellcasting
 23177 | Lair:2   | Reached skill level 5 in Conjurations
 23750 | Lair:2   | Reached skill level 9 in Spellcasting
 23750 | Lair:2   | Reached skill level 6 in Conjurations
 24846 | Lair:3   | Noticed Mygna's ghost (journeyman DDFi)
 25116 | Lair:2   | Quit the game

Vault maps used:
D:1:      dpeg_arrival_pits
D:2:      kennysheep_generic_room_6
D:3:      nicolae_overflow_crystal_walls, first_bread, xom_teletrap_fun
D:4:      grunt_pakellas_basics, lightli_temple_of_fire, kennysheep_little_box
D:5:      basic_altar, uniq_eustachio
D:6:      serial_bayou_pond_e, nicolae_dithmenos_the_darkroom
D:7:      marbit_many_paths, minmay_temple_entry_poolview, uniq_menkaure
D:8:      grunt_livestock, nicolae_water_bricks, hangedman_decor_push
D:9:      minmay_overflow_temple_star_quad, uniq_erica, uniq_joseph
D:11:     erik_lair_island, orc_0_dummy, bh_circular_ruins, uniq_fannar
Temple:   circular_temple_pool_12
Lair:1:   serial_bayou_shore_b

Vanquished Creatures
  2 hydras Fannar
  A catoblepas Erica
  2 unseen horrors
  A deep elf mage
  The ghost of patman the Frost Mage, a novice DEIE of Kikubaaqudgha
  2 black mambas Joseph
  6 spiny frogs
  A fire drake
  4 trolls
  4 blink frogs
  A two-headed ogre
  A trapdoor spider
  2 wyverns
  2 basilisks
  The ghost of root the Skirmisher, an amateur HOAK of Lugonu Eustachio
  2 wolves
  A hog
  5 hippogriffs Menkaure
  A steam dragon
  34 yaks
  A human
  5 porcupines
  4 water moccasins
  2 ice beasts
  6 orc warriors
  A wasp
  7 ogres
  4 sky beasts
  An eye of draining
  8 centaurs
  2 phantoms
  4 big kobolds
  9 giant frogs
  A gnoll sergeant
  7 crocodiles
  A wyvern zombie
  5 scorpions
  13 killer bees
  6 electric eels
  9 wights
  4 crimson imps
  5 hounds
  7 orc priests
  8 orc wizards
  4 giant frog zombies
  6 iguanas
  2 centaur skeletons
  2 giant frog skeletons
  4 jellies
  9 worker ants
  2 sheep
  A killer bee zombie
  2 human simulacra
  A hound skeleton
  2 hound zombies
  A worker ant zombie
  5 gnolls
  16 adders
  18 river rats
  A shadow imp
  An ooze
  An adder skeleton
  An adder zombie
  A worm
  A giant gecko
  38 orcs
  5 giant cockroaches
  12 goblins
  7 hobgoblins
  2 jackals
  7 quokkas
  2 ball pythons
  A ball python zombie
  4 bats
  6 giant newts
  27 kobolds
  2 quokka skeletons
  7 rats
  4 fungi
  A plant
405 creatures vanquished.
